 Dungeon Sprint DCSS version 0.29-a0-512-gf59ac788ac (webtiles) character file.

Game seed: 16480690365521281455

8409 mhtbhm the Brawler (level 11, -5/102 HPs)
             Began as a Troll Transmuter on May 29, 2022.
             Was an Initiate of Gozag.
             Slain by a dire elephant (36 damage)
             ... in the Dungeon (Sprint IX: "|||||||||||||||||||||||||||||").
             The game lasted 00:03:00 (916 turns).

mhtbhm the Brawler (Troll Transmuter)                Turns: 916, Time: 00:03:02

Health: -5/102     AC:  2    Str: 23    XL:     11   Next: 9%
Magic:  15/20      EV: 26    Int: 13    God:    Gozag
Gold:   3267       SH:  0    Dex: 18    Spells: 13/23 levels left

rFire   . . .      SeeInvis .     - Unarmed
rCold   . . .      Faith    .   (shield currently unavailable)
rNeg    . . .      Spirit   .   (body armour currently unavailable)
rPois   x          Reflect  .   (helmet currently unavailable)
rElec   .          Harm     .   (cloak currently unavailable)
rCorr   .          Rampage  .   (gloves unavailable)
Will    .....      NoTele   +   (boots unavailable)
Stlth   +++.......              (no amulet)
HPRegen 1.07/turn               m - +3 ring of dexterity
MPRegen 0.17/turn               n - +3 ring of strength

@: spider-form, wereblooded, gold aura
A: venomous fangs, tiny, unfitting armour, (claws 3), regeneration 1, (shaggy
fur 1), (tough skin 1)
a: End Transformation, Renounce Religion, Potion Petition, Call Merchant, Bribe
Branch


You were in the Dungeon.
You worshipped Gozag.
Gozag was most pleased with you.
You were a venomous arachnid creature.
You visited 1 branch You collected 3267 gold pieces.

Inventory:

Armour
 a - a +0 robe (melded)
 l - a +0 cloak (melded)
Jewellery
 m - a +3 ring of dexterity (left front leg)
 n - a +3 ring of strength (right front leg)
Wands
 k - a wand of iceblast (4)
Scrolls
 j - 2 scrolls of amnesia
 o - 2 scrolls of identify
 p - 2 scrolls of blinking
 q - a scroll of fear
Potions
 b - a potion of lignification
 c - 6 potions of curing
 d - 2 potions of heal wounds
 e - 2 potions of haste
 f - 4 potions of magic
 g - 2 potions of might
 h - a potion of berserk rage
 i - a potion of invisibility


   Skills:
 + Level 5.1 Fighting
 + Level 8.4 Dodging
 + Level 4.0 Stealth
 + Level 18.5 Unarmed Combat
 + Level 6.9 Spellcasting
 + Level 7.0 Transmutations
 + Level 3.0 Ice Magic
 + Level 1.5 Poison Magic
 + Level 3.2 Evocations


You had 13 spell levels left.
You knew the following spells:

 Your Spells              Type           Power      Damage    Failure   Level
a - Beastly Appendage     Tmut           44%        N/A       4%          1
b - Wereblood             Tmut           22%        N/A       6%          2
c - Spider Form           Tmut/Pois      15%        N/A       21%         3
d - Ice Form              Ice/Tmut       17%        N/A       38%         4

Your spell library contained the following spells:

 Spells                   Type           Power      Damage    Failure   Level


Dungeon Overview and Level Annotations

Branches:
Dungeon (1/1)

Altars:
Cheibriados
Dithmenos
Elyvilon
Fedhas
Gozag
Hepliaklqana
Kikubaaqudgha
Makhleb
Nemelex Xobeh
Okawaru
Qazlal
Ru
Sif Muna
Trog
Uskayaw
Vehumet
Wu Jian
Xom
Yredelemnul
Zin
The Shining One
Beogh
Jiyva
Lugonu


Innate Abilities, Weirdness & Mutations

You are a venomous arachnid creature.
You have poisonous fangs.
You are tiny and dextrous.
Your spellcasting is less reliable in this form.
Your armour is entirely melded.
You are incapable of wielding weapons or throwing items.
You are too large for most types of armour.
((You have claws for hands.))
Your natural rate of healing is unusually fast.
((You are covered in fur. (AC +1)))
((You have tough skin. (AC +1)))


Message History

The dire elephant trumpets!
You bite the dire elephant!
The dire elephant looks as sick as possible!
The dire elephant is no longer distracted by gold.
The dire elephant is lightly wounded.
The dire elephant tramples you!
You stumble backwards!
You maul the dire elephant!!
The dire elephant looks as sick as possible!
The dire elephant is moderately wounded.
The dire elephant barely misses you. The dire elephant trunk-slaps you.
You bite the dire elephant!
The dire elephant is moderately wounded.
You hit the dire elephant but do no damage.
The dire elephant looks as sick as possible!
The dire elephant is moderately wounded.
The dire elephant completely misses you.
The dire elephant barely misses you.
You bite the dire elephant!
The dire elephant looks as sick as possible!
The dire elephant is heavily wounded.
Your transformation has ended.
Your +0 cloak unmelds from your body.
Your +0 robe unmelds from your body.
The dire elephant tramples you!!
* * * LOW HITPOINT WARNING * * *
You stumble backwards!
The elephant is distracted by your dazzling golden aura.
The elephant trumpets!
You claw the dire elephant!
The dire elephant is heavily wounded.
You barely miss the dire elephant. You claw the dire elephant.
The dire elephant is severely wounded.
The dire elephant barely misses you. x2
Casting: Wereblood (safe; 1% risk of failure)
Confirm with . or Enter, or press ? or * to list all spells.
You turn into a venomous arachnid creature.
Your +0 cloak melds into your body.
Your +0 robe melds into your body.
The elephant is no longer distracted by gold.
The dire elephant tramples you!!!
You die...
Your body crumbles into a pile of gold.

▓▓▓▓▓▓▓▓▓▓▓▓▓▓▓▓▓▓▓▓▓▓▓▓▓▓▓▓▓▓▓▓▓
'†....'________________________')
▓▓▓▓▓▓▓▓▓▓▓▓▓▓▓▓▓▓▓▓▓▓▓▓▓▓▓▓▓▓▓▓▓
.................................
▓▓▓▓▓▓▓▓▓▓▓▓▓▓▓▓▓▓▓▓▓▓▓▓▓▓▓▓▓▓▓▓▓
...[|......'....sYY$.$........YY.
▓▓▓▓▓▓▓▓▓▓▓▓▓▓▓▓▓▓▓▓▓▓▓▓▓▓▓▓▓▓▓▓▓


$$$$$$$$$$$$$ $$$$$$$$$$$$ $$ You could see a dire elephant (extremely poisoned)
and an elephant.

Vanquished Creatures
  2 dire elephants (D)
  2 hydras (D)
  3 elephants (D)
  A torpor snail (D)
  5 komodo dragons (D)
  2 cane toads (D)
  A rime drake (D)
  An efreet (D)
  A blink frog (D)
  A wraith (D)
  5 yaks (D)
  A shadow (D)
  A vampire (D)
  2 vampire mosquitoes (D)
  A water moccasin (D)
  An acid dragon (D)
  3 bullfrogs (D)
  A howler monkey (D)
  A hound (D)
  An orc wizard (D)
  2 adders (D)
  A shadow imp (D)
  An ufetubus (D)
  A bat (D)
  An endoplasm (D)
  A giant cockroach (D)
  A goblin (D)
  A rat (D)
45 creatures vanquished.

Notes
Turn   | Place    | Note
-------+----------+-------------------------------------------
     0 | D        | mhtbhm the Troll Transmuter began the quest for the Orb.
     0 | D        | Reached XP level 1. HP: 18/18 MP: 1/1
    10 | D        | Reached skill level 1 in Fighting
    13 | D        | Reached skill level 4 in Unarmed Combat
   114 | D        | Noticed a hound
   121 | D        | Killed a hound
   122 | D        | Reached skill level 5 in Unarmed Combat
   122 | D        | Reached XP level 2. HP: 18/27 MP: 0/3
   122 | D        | Reached XP level 3. HP: 22/33 MP: 0/4
   124 | D        | Reached skill level 6 in Unarmed Combat
   136 | D        | Reached XP level 4. HP: 35/41 MP: 0/6
   183 | D        | Found a snail-covered altar of Cheibriados.
   183 | D        | Found a shadowy altar of Dithmenos.
   183 | D        | Found a white marble altar of Elyvilon.
   183 | D        | Found a blossoming altar of Fedhas.
   183 | D        | Found an opulent altar of Gozag.
   184 | D        | Found a hazy altar of Hepliaklqana.
   185 | D        | Found a viscous altar of Jiyva.
   186 | D        | Found an ancient bone altar of Kikubaaqudgha.
   187 | D        | Found a corrupted altar of Lugonu.
   188 | D        | Found a burning altar of Makhleb.
   189 | D        | Found a sparkling altar of Nemelex Xobeh.
   190 | D        | Found an iron altar of Okawaru.
   191 | D        | Became a worshipper of Gozag Ym Sagoz the Greedy
   192 | D        | Found a stormy altar of Qazlal.
   193 | D        | Found a sacrificial altar of Ru.
   194 | D        | Found a shimmering blue altar of Sif Muna.
   195 | D        | Found a bloodstained altar of Trog.
   196 | D        | Found a hide-covered altar of Uskayaw.
   197 | D        | Found a radiant altar of Vehumet.
   198 | D        | Found an ornate altar of the Wu Jian Council.
   199 | D        | Found a shimmering altar of Xom.
   200 | D        | Found a basalt altar of Yredelemnul.
   201 | D        | Found a glowing silver altar of Zin.
   202 | D        | Found a glowing golden altar of the Shining One.
   210 | D        | Found the +7 sceptre of Torment {pain, torment}
   237 | D        | Learned a level 2 spell: Wereblood
   241 | D        | Learned a level 3 spell: Spider Form
   243 | D        | Noticed a yak
   243 | D        | Noticed a shadow
   243 | D        | Noticed a vampire mosquito
   243 | D        | Noticed a yak
   254 | D        | Killed a yak
   255 | D        | Reached skill level 9 in Unarmed Combat
   255 | D        | Reached XP level 5. HP: 42/49 MP: 4/8
   261 | D        | Killed a shadow
   262 | D        | Reached skill level 10 in Unarmed Combat
   262 | D        | Reached XP level 6. HP: 35/57 MP: 1/10
   264 | D        | Killed a vampire mosquito
   265 | D        | Reached skill level 11 in Unarmed Combat
   265 | D        | Reached XP level 7. HP: 41/66 MP: 2/12
   269 | D        | Killed a yak
   270 | D        | Reached skill level 1 in Stealth
   274 | D        | Reached skill level 12 in Unarmed Combat
   447 | D        | Learned a level 4 spell: Ice Form
   455 | D        | Noticed a five-headed hydra
   455 | D        | Noticed a vampire
   455 | D        | Noticed a vampire mosquito
   455 | D        | Noticed an efreet
   455 | D        | Noticed a wraith
   458 | D        | Reached skill level 5 in Dodging
   459 | D        | Killed a vampire
   474 | D        | Killed a five-headed hydra
   475 | D        | Reached skill level 13 in Unarmed Combat
   475 | D        | Reached skill level 5 in Spellcasting
   475 | D        | Reached skill level 5 in Transmutations
   475 | D        | Reached skill level 1 in Evocations
   475 | D        | Reached XP level 8. HP: 18/75 MP: 5/14
   495 | D        | Killed an efreet
   496 | D        | Reached skill level 14 in Unarmed Combat
   496 | D        | Reached skill level 1 in Ice Magic
   500 | D        | Reached XP level 9. HP: 79/84 MP: 7/16
   669 | D        | Noticed a six-headed hydra
   669 | D        | Noticed a rime drake
   669 | D        | Noticed a komodo dragon
   673 | D        | Killed a six-headed hydra
   674 | D        | Reached skill level 15 in Unarmed Combat
   675 | D        | Noticed a komodo dragon
   683 | D        | Killed a rime drake
   684 | D        | Reached skill level 1 in Poison Magic
   692 | D        | Killed a komodo dragon
   701 | D        | Killed a komodo dragon
   702 | D        | Reached skill level 16 in Unarmed Combat
   702 | D        | Reached XP level 10. HP: 94/94 MP: 14/18
   735 | D        | Noticed a cane toad
   735 | D        | Noticed a cane toad
   736 | D        | Noticed a torpor snail
   737 | D        | Killed a cane toad
   742 | D        | Killed a cane toad
   765 | D        | Killed a torpor snail
   766 | D        | Reached skill level 17 in Unarmed Combat
   811 | D        | Noticed an elephant
   811 | D        | Noticed an elephant
   811 | D        | Noticed a dire elephant
   811 | D        | Noticed an elephant
   811 | D        | Noticed an elephant
   811 | D        | Noticed a dire elephant
   816 | D        | Killed an elephant
   817 | D        | Noticed a dire elephant
   823 | D        | Noticed an elephant
   824 | D        | Killed a dire elephant
   825 | D        | Reached skill level 5 in Fighting
   893 | D        | Killed an elephant
   894 | D        | Reached skill level 18 in Unarmed Combat
   902 | D        | Killed an elephant
   903 | D        | Reached XP level 11. HP: 84/102 MP: 16/20
   907 | D        | Killed a dire elephant
   916 | D        | Slain by a dire elephant

Illustrated notes

Levels and vault maps discovered:
D:        linesprint [early_d, line_temple, items_1, d_10, items_2, lair_1,
          lair_end, items_3, orc_1, orc_end, items_4, d_15, swamp_1, shoals_1,
          snake_1, spider_1, d_20, vaults_1, items_5, swamp_end, shoals_end,
          snake_end, spider_end, vaults_end, d_27, items_6, zot_1, zot_end,
          crypt_end, forest_end, elf_end, slime_end, tomb_end, abyss_end,
          pan_hell_end]

Skill      XL: |  1  2  3  4  5  6  7  8  9 10 11 |
---------------+----------------------------------+-----
Fighting       | 1 2 3 4 5 |  5.1
Dodging        | 2 3 4 5 6 7 8 |  8.4
Unarmed Combat | 5 6 9 10 11 13 14 16 18 | 18.5
Transmutations | 2 3 4 5 6 7 |  7.0
Spellcasting   | 2 3 4 5 6 |  6.9
Stealth        | 1 2 3 4 |  4.0
Evocations     | 1 2 3 |  3.2
Ice Magic      | 1 2 3 |  3.0
Poison Magic   | 1 |  1.5

Action                   |  1- 3 |  4- 6 |  7- 9 | 10-12 || total
-------------------------+-------+-------+-------+-------++-------
Melee: Unarmed           |    27 |    18 |    49 |    77 ||   171
       Kick              |     2 |     3 |     3 |       ||     8
       Headbutt          |       |     2 |       |       ||     2
       Punch             |       |     1 |     1 |     1 ||     3
 Cast: Beastly Appendage |     2 |     1 |     1 |       ||     4
       Wereblood         |       |     1 |     2 |     3 ||     6
       Spider Form       |       |     1 |     1 |     2 ||     4
       Ice Form          |       |       |     2 |     2 ||     4
Evoke: Wand              |       |       |     6 |       ||     6
  Use: Scroll            |       |       |     2 |       ||     2
       Potion            |       |       |     4 |       ||     4
 Stab: Distracted        |       |       |     2 |     2 ||     4
Armor: Robe              |     7 |       |     2 |       ||     9
       Skin              |       |       |     5 |     1 ||     6
Dodge: Dodged            |    12 |    11 |    27 |    33 ||    83

Table legend: (Time is in decaauts)
 A = Elapsed time spent in this place.
 B = Non-inter-level travel time spent in this place.
 C = Inter-level travel time spent in this place.
 D = Time resting spent in this place.
 E = Time spent auto-exploring this place.
 F = Levels seen in this place.
 G = Mean time per level.
                   A        B        C        D        E       F      G
               +--------+--------+--------+--------+--------+-----+--------+
         Total |    892 |    892 |      0 |    415 |     76 |   1 |  892.0 |
       Dungeon |    892 |    892 |      0 |    415 |     76 |   1 |  892.0 |
               +--------+--------+--------+--------+--------+-----+--------+

Top non-repeatable levels by time:
       D: 892 daAuts
